Map: Ley Lines

Players

Zystem

  • Race: Protoss Protoss
  • League: Diamond
  • Spawn Location: 7:00

A.I. 1 (Very Easy) - Winner!

  • Race: Protoss Protoss
  • Spawn Location: 1:00

VOD

Have the link to the VOD?

Description

Time

  • Played on: June 6, 2025, 6:01 p.m.
  • Length: 14:06
Show
View Real Time Build Order
Export as new Build Order

Zystem Protoss 

Build Orders:  

Get SALT Encoding   

  12  0:00  Probe  
  13  0:22  Probe  
  14  0:35  Pylon  
  14  0:37  Pylon  
  14  0:53  Gateway  
  14  0:54  Gateway  
  14  1:09  Assimilator  
  14  1:10  Assimilator  
  14  1:34  Zealot x2  
  14  1:40  Cybernetics Core  
  18  1:58  Zealot  
  18  1:59  Probe, Zealot  
  23  2:11  Probe  
  19  3:01  Stalker x2  
  23  3:17  Probe  
  22  3:29  Probe  
  22  3:30  Warp Gate  
  23  3:36  Twilight Council  
  23  3:41  Probe  
  24  3:53  Probe  
  23  4:01  Stalker  
  23  4:05  Probe  
  23  4:09  Stalker  
  28  5:05  Charge  
  28  5:37  Templar Archives, Nexus  
  28  5:41  Dark Shrine  
  28  5:46  Stargate  
  28  6:15  Blink  
  28  6:20  Psionic Storm  
  28  6:48  Assimilator  
  28  6:52  Assimilator  
  28  7:18  Robotics Facility  
  28  7:19  Pylon  
  28  7:24  Shadow Stride  
  28  8:06  Robotics Bay  
  28  8:15  Resonating Glaives  
  28  8:42  Gravitic Boosters  
  28  9:04  Nexus  
  28  9:08  Nexus  
  28  9:27  Gravitic Drive  
  28  9:55  Fleet Beacon  
  28  10:18  Extended Thermal Lance  
  28  10:21  Anion Pulse-Crystals  
  28  11:07  Flux Vanes  
  28  13:15  Unknown  
Show
View Real Time Build Order
Export as new Build Order

A.I. 1 (Very Easy) Protoss - Winner!

Build Orders:  

Get SALT Encoding   

  12  0:00  Probe  
  13  0:13  Probe  
  14  0:19  Pylon  
  14  0:37  Assimilator  
  14  0:42  Gateway  
  14  0:45  Pylon  
  14  1:12  Assimilator  
  14  1:17  Probe  
  14  1:25  Probe  
  15  1:31  Cybernetics Core  
  16  1:33  Probe  
  17  1:44  Probe  
  18  1:55  Stalker  
  18  1:56  Probe  
  18  1:58  Warp Gate  
  19  2:08  Probe  
  22  2:15  Pylon  
  22  2:20  Probe  
  14  2:32  Probe  
  14  2:33  Stalker  
  14  2:44  Probe  
  14  2:56  Probe  
  13  3:05  Zealot  
  13  3:10  Probe  
  13  3:22  Probe  
  14  3:34  Probe  
  15  3:46  Probe  
  14  3:58  Probe  
  14  4:00  Stalker  
  15  4:08  Probe  
  15  4:16  Probe  
  13  4:26  Probe  
  12  4:40  Pylon  
  7  4:59  Probe  
  3  5:09  Probe  
Tags
 
League
Diamond
Matchup
PvP
Spawn Locations
Cross Positions
Add a new tag
Caveats
  • Supply blocks, unpowered buildings, or Contaminate may cause inaccurate times.
  • Supply counts are checked every 10 seconds.